 Dungeon Crawl Stone Soup version 0.26.0-9-gab577f9fc5 (webtiles) character file.

Game seed: 17601600046724918014

13680 EnegeticOcto the Severer (level 11, -5/103 HPs)
             Began as a Deep Dwarf Delver on Jan 13, 2021.
             Was an Elder of Ru.
             Slain by an elephant (9 damage)
             ... on level 5 of the Lair of Beasts.
             The game lasted 00:23:50 (3117 turns).

EnegeticOcto the Severer (Deep Dwarf Delver)        Turns: 3117, Time: 00:23:50

Health: -5/103     AC: 13    Str: 19    XL:     11   Next: 78%
Magic:  1/1        EV:  7    Int: 11    God:    Ru [****..]
Gold:   307        SH:  5    Dex: 14    Spells: 16/16 levels left

rFire    . . .     SeeInvis +   D - +4 battleaxe (spect) (curse)
rCold    . . .     Faith    .   (shield currently unavailable)
rNeg     . . .     Spirit   .   i - +0 chain mail
rPois    .         Reflect  +   H - +2 helmet
rElec    .         Harm     .   (no cloak)
rCorr    .         Rampage  .   (no gloves)
Will     +....                  (no boots)
Stlth    ..........             m - amulet of reflection
HPRegen  0.00/turn              K - ring of see invisible
MPRegen  0.07/turn              t - +4 ring of evasion

@: non-regenerating
A: damage resistance, heal wounds, sense surroundings 2, inability to use
devices, hated by all, reduced EV 1, no regeneration
a: Heal Wounds, Renounce Religion, Draw Out Power, Power Leap


You were on level 5 of the Lair of Beasts.
You worshipped Ru.
Ru was greatly pleased with you.
You visited 3 branches of the dungeon, and saw 15 of its levels.
You also visited: Ossuary.

You collected 307 gold pieces.

Inventory:

Hand Weapons
 a - a +0 hand axe
 k - a +1 flail of draining
   (You took it off Edmund on level 5 of the Dungeon)
 u - a +1 war axe
   (You found it in an ossuary)
 A - a +8 quarterstaff of speed
   (You took it off Joseph on level 9 of the Dungeon)
 B - a +0 broad axe
   (You took it off an orc warrior on level 10 of the Dungeon)
 D - a cursed +4 spectral battleaxe (weapon)
   (You took it off a wight on level 10 of the Dungeon)
Missiles
 r - 3 boomerangs
Armour
 b - a +0 leather armour
 i - a +0 chain mail (worn)
   (You took it off Edmund on level 5 of the Dungeon)
 F - a +0 helmet
   (You found it on level 3 of the Lair of Beasts)
 H - a +2 helmet (worn)
   (You found it on level 3 of the Lair of Beasts)
Jewellery
 h - an uncursed ring of resist corrosion
   (You found it on level 5 of the Dungeon)
 m - an amulet of reflection (around neck)
   (You found it on level 7 of the Dungeon)
 t - a +4 ring of evasion (right hand)
   (You found it on level 8 of the Dungeon)
 y - an uncursed ring of wizardry
   (You found it on level 8 of the Dungeon)
 J - an uncursed amulet of magic regeneration
   (You found it on level 4 of the Lair of Beasts)
 K - a ring of see invisible (left hand)
   (You found it on level 5 of the Lair of Beasts)
Wands
 g - a wand of digging (8) {@v3}
 p - a wand of polymorph (14)
   (You found it on level 7 of the Dungeon)
Scrolls
 c - a scroll of fog {!r}
 e - 4 scrolls of fear {!r}
 j - 4 scrolls of enchant weapon
 n - 4 scrolls of remove curse {@r2}
 s - a scroll of summoning
 x - 7 scrolls of teleportation {@r3 !r}
 C - 2 scrolls of identify {@r1}
 L - a scroll of random uselessness
Potions
 d - 3 potions of lignification {@q6}
 f - a potion of haste {@q4 !q}
 l - a potion of cancellation
 o - a potion of attraction {unknown}
 q - 2 potions of brilliance
 v - 4 potions of curing {@q1 !q}
 w - a potion of berserk rage
 z - 3 potions of might {@q3 !q}
 E - a potion of magic
 G - 2 potions of degeneration {unknown}
 I - a potion of invisibility {unknown}


   Skills:
 - Level 8.0 Fighting
 * Level 16.0 Axes
 + Level 5.0 Armour
 - Level 2.4 Dodging
 - Level 6.2 Stealth
 - Level 3.0 Spellcasting


You had 16 spell levels left.
You didn't know any spells.
Your spell library was empty.

Dungeon Overview and Level Annotations

Branches:
Dungeon (11/15)            Temple (1/1) D:6            Lair (6/6) D:9
 Spider (0/4) Lair:2          Orc (0/2) D:10        Ossuary (visited)
  Swamp: Lair:2-4    Shoals: Lair:2-4     Slime: Lair:5-6

Altars:
Cheibriados
Elyvilon
Fedhas
Hepliaklqana
Kikubaaqudgha
Makhleb
Nemelex Xobeh
Okawaru
Qazlal
Ru
Sif Muna
Trog
Vehumet
Wu Jian
Xom
Yredelemnul
Zin
The Shining One

Shops:
D:5 =   D:9 *

Annotations:
Lair:5 exclusion: 2 oklob plants


Innate Abilities, Weirdness & Mutations

You are resistant to damage.
You can heal yourself by infusing magical energy.
You passively map the area around you.
You cannot study or use magical devices.
You are hated by all.
You have somewhat slow reflexes. (EV -5)
You do not regenerate.


Message History

The yak gores you.
The yak is stunned by your conviction and fails to attack.
The yak gores you but does no damage. You block the yak's attack.
The cane toad stings you!
* * * LOW HITPOINT WARNING * * *
You slash the cane toad!
You kill the cane toad!
You barely miss the yak. You slash the yak! You completely miss the yak.
You slice the yak!! You hit the yak. You slash the yak!
* * * LOW HITPOINT WARNING * * *
You feel very sick. The yak gores you but does no damage.
The yak barely misses you. The yak gores you but does no damage.
The yak barely misses you.
The yak is stunned by your conviction and fails to attack.
The yak gores you but does no damage.
Really quaff
v - 5 potions of curing {@q1 !q}?
You feel better. The yak gores you!
* * * LOW HITPOINT WARNING * * *
You block the yak's attack. The yak gores you but does no damage.
The yak gores you. The yak gores you but does no damage.
You block the yak's attack.
Your magical essence is drained by the effort!
You feel much better. The yak gores you.
* * * LOW HITPOINT WARNING * * *
The yak gores you!
* * * LOW HITPOINT WARNING * * *
The yak gores you but does no damage. You block the yak's attack.
The yak gores you.
* * * LOW HITPOINT WARNING * * *
Your magical essence is drained by the effort!
You feel much better.
The yak is stunned by your conviction and fails to attack.
The yak gores you but does no damage. The yak barely misses you.
You block the yak's attack. x2; The yak closely misses you.
You see here a yak corpse.
You slice the yak!!
You kill the yak!
You slash the yak! x3; You block the yak's attack.
The yak gores you but does no damage.
You slash the yak!
The yak is almost dead.
You hit the yak. You slash the yak! x2
You kill the yak!
The yak gores you but does no damage. The yak gores you!
You focus your inner power and illuminate the yak in retribution!
The yak gores you but does no damage.
You slash the yak!
You kill the yak!
Your chain mail prevents you from hitting the yak.
You slash the yak! x2
You kill the yak!
The yak is stunned by your conviction and fails to attack.
The yak gores you!
* * * LOW HITPOINT WARNING * * *
Your Axes skill increases to level 16!
You closely miss the yak.
The yak is moderately wounded.
You hit the yak. The yak gores you!
* * * LOW HITPOINT WARNING * * *
The yak gores you but does no damage.
You slash the yak!
The yak is severely wounded.
You slash the yak!
You redirect the yak's attack!
The yak gores the yak!
The yak dies!
Your life force feels restored.
The yak gores you.
* * * LOW HITPOINT WARNING * * *
You see here a yak corpse.
You slice the yak!!
You kill the yak!
You feel less exhausted.
Your Armour skill increases to level 5!
Found a club.
Found a leatherbound book.
An elephant comes into view.
An elephant comes into view.
The elephant trumpets!
You hear a trumpeting!
An elephant comes into view.
The elephant moves out of view.
An elephant comes into view.
The elephant trumpets!
The elephant tramples you!
* * * LOW HITPOINT WARNING * * *
You stumble backwards!
The elephant barely misses you.
The elephant trunk-slaps you but does no damage.
An elephant comes into view.
The elephant trumpets!
The elephant barely misses you. The elephant closely misses you.
The elephant barely misses you.
The elephant trunk-slaps you but does no damage.
The elephant tramples you.
* * * LOW HITPOINT WARNING * * *
You stumble backwards!
The elephant tramples you but does no damage.
The elephant barely misses you. The elephant tramples you!
You die...

.####...## ,,* .# ##...##
*, , , , #.##P....# , ,
###......# * , .#..#...##
** , *, * .#......##
##### ,, ,
#####....###...#### ## ,
*#P......#.##...#..#.. **
,...............@.......
* *
...............YYYY.....
........)........Y....P.
*
.......................P
#...P....#.#..#:#PP#.P.#,
, .##.....###.###########
*.#.... ### * *#...#* ,
#.. * * *


You could see 5 elephants.

Vanquished Creatures
  A death yak (Lair:1)
  3 elephants (Lair:5)
  A cyclops (D:9)
  2 black mambas
  Joseph (D:9)
  5 cane toads
  A komodo dragon (Lair:1)
  3 rime drakes
  A polar bear (Lair:3)
  3 blink frogs (Lair:4)
  A wraith (D:10)
  4 basilisks
  14 yaks
  Edmund (D:5)
  13 water moccasins
  4 ice beasts
  2 orc warriors (D:10)
  A sky beast (D:10)
  3 ogres
  2 black bears (Lair:3)
  A necrophage (D:9)
  A wolf (Lair:1)
  3 centaurs
  2 elf zombies (Ossuary)
  8 bullfrogs
  4 scorpions
  4 wights (D:10)
  A howler monkey (D:10)
  An electric eel (Lair:5)
  A centaur zombie (D:10)
  2 jellies (D:6)
  A hound (D:5)
  5 orc priests
  A bullfrog skeleton (D:8)
  A centaur skeleton (D:5)
  2 iguanas (D:6)
  7 orc wizards
  5 worker ants
  2 hound skeletons (D:5)
  5 mummies
  4 adders
  A shadow imp (D:9)
  A white imp (D:6)
  An adder zombie (D:5)
  An adder skeleton (D:5)
  24 orcs
  A gnoll zombie (Ossuary)
  6 jackals
  A ball python (D:6)
  3 goblin zombies (Ossuary)
  2 kobold zombies (Ossuary)
  An orc zombie (Ossuary)
  3 rat zombies (Ossuary)
172 creatures vanquished.

Vanquished Creatures (others)
  A yak (Lair:5)
  A bush (Lair:5)
  8 fungi
  5 plants
15 creatures vanquished.

Grand Total: 187 creatures vanquished

Notes
Turn   | Place    | Note
-------+----------+-------------------------------------------
     0 | D:5      | EnegeticOcto the Deep Dwarf Delver began the quest for the
                  | Orb.
     0 | D:5      | Reached XP level 1. HP: 20/20 MP: 1/1
    54 | D:6      | Noticed a jelly
    54 | D:6      | Noticed a hound
    61 | D:5      | Found a snail-covered altar of Cheibriados.
    95 | D:5      | Noticed a worker ant
   101 | D:5      | Reached XP level 2. HP: 27/27 MP: 2/2
   104 | D:6      | Noticed a scorpion
   122 | D:6      | Killed a scorpion
   123 | D:6      | Reached skill level 4 in Axes
   123 | D:6      | Reached XP level 3. HP: 17/33 MP: 3/3
   138 | D:5      | Your magical essence is drained by the effort!
   141 | D:5      | Reached XP level 4. HP: 23/40 MP: 3/3
   162 | D:5      | Found Kadduck's Jewellery Boutique.
   204 | D:5      | Reached skill level 5 in Axes
   222 | D:5      | Reached XP level 5. HP: 36/48 MP: 4/4
   226 | D:5      | Noticed Edmund
   266 | D:5      | Killed Edmund
   267 | D:5      | Reached skill level 6 in Axes
   290 | D:4      | Noticed an ogre
   299 | D:4      | Killed an ogre
   300 | D:4      | Reached skill level 7 in Axes
   300 | D:4      | Reached XP level 6. HP: 40/48 MP: 5/5
   367 | D:6      | Reached skill level 8 in Axes
   367 | D:6      | Reached XP level 7. HP: 34/61 MP: 6/6
   435 | D:6      | Found a staircase to the Ecumenical Temple.
   452 | Temple   | Entered the Ecumenical Temple
   473 | Temple   | Became a worshipper of Ru the Awakened
   621 | D:6      | Reached skill level 9 in Axes
   691 | D:6      | Found a sand-covered staircase.
   705 | Ossuary  | Entered an ossuary
   743 | Ossuary  | Reached skill level 3 in Fighting
   758 | Ossuary  | Your magical essence is drained by the effort!
   854 | Ossuary  | Your magical essence is drained by the effort!
   938 | D:7      | Your magical essence is drained by the effort!
   950 | D:7      | Reached skill level 1 in Evocations
   951 | D:7      | Reached skill level 1 in Spellcasting
   951 | D:7      | Reached XP level 8. HP: 37/72 MP: 3/5
   955 | D:7      | Reached skill level 2 in Evocations
   956 | D:7      | Found a glowing golden altar of the Shining One.
   990 | D:7      | Reached skill level 4 in Fighting
  1027 | D:7      | Found an ornate altar of the Wu Jian Council.
  1068 | D:7      | Found a stormy altar of Qazlal.
  1069 | D:7      | Noticed an air elemental
  1090 | D:7      | Reached skill level 3 in Evocations
  1104 | D:7      | Reached skill level 10 in Axes
  1122 | D:7      | Gained mutation: You have somewhat slow reflexes. (EV -5)
                  | [Ru sacrifice]
  1122 | D:7      | Reached * piety under Ru
  1162 | D:8      | Found a radiant altar of Vehumet.
  1182 | D:8      | Found an ancient bone altar of Kikubaaqudgha.
  1217 | D:8      | Reached skill level 4 in Evocations
  1240 | D:8      | Found a basalt altar of Yredelemnul.
  1339 | D:8      | Reached skill level 5 in Fighting
  1339 | D:8      | Reached skill level 5 in Evocations
  1411 | D:9      | Noticed Joseph
  1433 | D:9      | Killed Joseph
  1434 | D:9      | Gained mutation: You passively map the area around you.
                  | [Deep Dwarf growth]
  1434 | D:9      | Reached XP level 9. HP: 70/81 MP: 6/6
  1459 | D:10     | Entered Level 10 of the Dungeon
  1478 | D:10     | Found a staircase to the Orcish Mines.
  1493 | D:10     | Reached skill level 6 in Evocations
  1542 | D:10     | Reached skill level 1 in Armour
  1679 | D:10     | Reached skill level 2 in Armour
  1688 | D:10     | Reached skill level 2 in Spellcasting
  1700 | D:10     | Reached skill level 6 in Fighting
  1700 | D:10     | Reached skill level 11 in Axes
  1747 | D:9      | Your magical essence is drained by the effort!
  1763 | D:9      | Found a white marble altar of Elyvilon.
  1763 | D:9      | Found Jues's Hallowed Reliquary.
  1763 | D:9      | Noticed an angel
  1766 | D:9      | Gained mutation: You cannot study or use magical devices.
                  | [Ru sacrifice]
  1766 | D:9      | Reduced skill Evocations to level 0
  1766 | D:9      | Reached ** piety under Ru
  1766 | D:9      | Reached *** piety under Ru
  1794 | D:9      | Noticed a cyclops
  1801 | D:9      | Killed a cyclops
  1802 | D:9      | Reached skill level 3 in Spellcasting
  1905 | D:9      | Reached skill level 7 in Fighting
  1945 | D:9      | Found a staircase to the Lair.
  1951 | Lair:1   | Entered Level 1 of the Lair of Beasts
  2044 | Lair:1   | Reached XP level 10. HP: 61/89 MP: 9/9
  2090 | Lair:1   | Noticed a death yak
  2100 | Lair:1   | Your magical essence is drained by the effort!
  2104 | Lair:1   | Your magical essence is drained by the effort!
  2106 | Lair:1   | Killed a death yak
  2107 | Lair:1   | Reached skill level 12 in Axes
  2118 | Lair:1   | Your magical essence is drained by the effort!
  2213 | Lair:3   | Noticed a cane toad
  2224 | Lair:3   | Killed a cane toad
  2257 | Lair:3   | Noticed a cane toad
  2268 | Lair:3   | HP: 3/87 [cane toad (14)]
  2272 | Lair:3   | Your magical essence is drained by the effort!
  2274 | Lair:3   | HP: 2/87 [cane toad (18)]
  2276 | Lair:3   | Killed a cane toad
  2277 | Lair:3   | Reached skill level 8 in Fighting
  2279 | Lair:3   | Your magical essence is drained by the effort!
  2292 | Lair:4   | Noticed a cane toad
  2302 | Lair:4   | Killed a cane toad
  2303 | Lair:4   | Reached skill level 13 in Axes
  2387 | Lair:2   | Noticed a seven-headed hydra
  2526 | Lair:3   | Gained mutation: You are hated by all. [Ru sacrifice]
  2526 | Lair:3   | Reached **** piety under Ru
  2542 | Lair:3   | Noticed a black mamba
  2555 | Lair:3   | Killed a black mamba
  2556 | Lair:3   | Reached skill level 14 in Axes
  2624 | Lair:4   | Reached XP level 11. HP: 73/85 MP: 5/5
  2770 | Lair:4   | Reached skill level 15 in Axes
  2898 | Lair:6   | Entered Level 6 of the Lair of Beasts
  2948 | Lair:5   | Noticed an oklob plant
  2948 | Lair:5   | Noticed an oklob plant
  2967 | Lair:5   | Reached skill level 3 in Armour
  3040 | Lair:5   | Reached skill level 4 in Armour
  3074 | Lair:5   | Your magical essence is drained by the effort!
  3083 | Lair:5   | Your magical essence is drained by the effort!
  3086 | Lair:5   | Your magical essence is drained by the effort!
  3087 | Lair:5   | Your magical essence is drained by the effort!
  3092 | Lair:5   | Reached skill level 16 in Axes
  3096 | Lair:5   | Reached skill level 5 in Armour
  3116 | Lair:5   | HP: 4/103 [elephant (3)]
  3117 | Lair:5   | Slain by an elephant

Illustrated notes

Levels and vault maps discovered:
D:4:      layout_loops_ring
D:5:      layout_cave_pools, lemuel_doored_altar, serial_shops, shop_statue,
          uniq_edmund
D:6:      minmay_evil_eye, layout_basic, minmay_temple_entry_large_hall,
          gup_ossuary_entry_pyramid
D:7:      layout_rooms, nicolae_overflow_hidden_temple,
          nicolae_qazlal_style_of_elements,
          nicolae_dithmenos_through_a_glass_darkly, tso_metal_star,
          mrwooster_statue_mirror
D:8:      layout_cave_pools, general_overflow_altar, grunt_temple_overflow_open,
          serial_shops, nicolae_shop_trees
D:9:      layout_cross, lair_entry_dummy, grunt_decor_mini_mirrors,
          nicolae_good_shop, uniq_joseph
D:10:     layout_cave_pods, david_orc_2, minmay_rotating_lava, uniq_psyche
D:11:     layout_basic, uniq_sonja
Temple:   minmay_temple_bridge_abc
Lair:1:   layout_small_grid, minmay_shattered_shrine
Lair:2:   layout_cellular_growth, elwin_shoals_entry_rooms,
          nicolae_spider_entry_tight_spaces, lemuel_fruit_tree
Lair:3:   layout_loops_ring, beast_lair_carwin_9
Lair:4:   layout_layer_cave
Lair:5:   layout_hall_layers, minmay_slime_entry_oklob_open,
          lightli_volcano_entry_magma_tube, nicolae_quartered_pool_medium,
          grunt_megastairs_2, infiniplex_staircase_pool
Lair:6:   gammafunk_lair_ancient_temple, layout_regular_city, grunt_megastairs_1

Skill      XL: |  1  2  3  4  5  6  7  8  9 10 11 |
---------------+----------------------------------+-----
Axes           | 4 5 7 8 9 10 11 14 16 | 16.0
Fighting       | 3 5 7 8 |  8.0
Evocations     | 1 5 0 |  0.0
Spellcasting   | 1 3 |  3.0
Armour         | 2 5 |  5.0
Dodging        | |  2.4
Stealth        | |  6.2

Action                   |  1- 3 |  4- 6 |  7- 9 | 10-12 || total
-------------------------+-------+-------+-------+-------++-------
Melee: Hand axe          |    28 |    60 |    21 |       ||   109
       Flail             |       |    22 |    74 |       ||    96
       War axe           |       |       |   159 |       ||   159
       Battleaxe         |       |       |    64 |   215 ||   279
       Broad axe         |       |       |    55 |       ||    55
       Quarterstaff      |       |       |    16 |       ||    16
Invok: Sacrifice Health  |       |       |     1 |       ||     1
       Draw Out Power    |       |       |     4 |    25 ||    29
       Sacrifice Artific |       |       |     1 |       ||     1
       Sacrifice Love    |       |       |       |     1 ||     1
       Power Leap        |       |       |       |     1 ||     1
 Abil: Heal Wounds       |     4 |     8 |    21 |    22 ||    55
  Use: Potion            |       |     2 |       |     2 ||     4
       Scroll            |       |     1 |    10 |     5 ||    16
 Stab: Sleeping          |     1 |     1 |       |       ||     2
       Distracted        |       |       |     1 |     2 ||     3
       Invisible         |       |       |       |     1 ||     1
Armor: Leather armour    |     7 |    12 |       |       ||    19
       Chain mail        |       |     8 |   209 |   134 ||   351
Dodge: Dodged            |    14 |    43 |   136 |    86 ||   279
Block: Other             |       |       |    62 |    62 ||   124
       Reflection        |       |       |     1 |     1 ||     2
